 Dungeon Crawl Stone Soup version 0.26.0-91-g99b343417d (webtiles) character file.

Game seed: 7718012057738789442

1196 DungeonDestroyer the Shield-Bearer (level 8, 0/67 HPs)
             Began as a Gnoll Fighter on Feb 3, 2021.
             Was an Initiate of Gozag.
             Killed by divine providence
             ... invoked by an orc priest
              (12 damage)
             ... on level 6 of the Dungeon.
             The game lasted 00:07:28 (5233 turns).

DungeonDestroyer the Shield-Bearer (Gnoll Fighter)  Turns: 5233, Time: 00:07:28

Health: 0/67       AC: 14    Str: 20    XL:     8   Next: 44%
Magic:  12/12      EV:  8    Int: 11    God:    Gozag
Gold:   831        SH: 12    Dex: 15    Spells: 13/13 levels left

rFire    . . .     SeeInvis .   a - +1 trident
rCold    . . .     Faith    .   c - +1 kite shield
rNeg     . . .     Spirit   .   g - +0 chain mail
rPois    .         Reflect  .   n - +0 helmet
rElec    .         Harm     .   (no cloak)
rCorr    .         Rampage  .   (no gloves)
Will     .....                  b - +1 pair of boots
Stlth    ..........             (no amulet)
HPRegen  0.21/turn              (no ring)
MPRegen  0.13/turn              (no ring)

@: gold aura
A: distributed training, fangs 1, strong nose
a: Renounce Religion, Potion Petition, Call Merchant, Bribe Branch


You were on level 6 of the Dungeon.
You worshipped Gozag.
Gozag was pleased with you.
You visited 2 branches of the dungeon, and saw 7 of its levels.
You also visited: Sewer.

You collected 862 gold pieces.
You paid 31 gold pieces to Gozag.

Inventory:

Hand Weapons
 a - a +1 trident (weapon)
Missiles
 k - 4 boomerangs (quivered)
 o - 4 silver javelins
Armour
 b - a +1 pair of boots (worn)
 c - a +1 kite shield (worn)
 g - a +0 chain mail (worn)
 n - a +0 helmet (worn)
Jewellery
 i - an uncursed ring of flight {unknown}
Scrolls
 e - 3 scrolls of fear
 f - 11 scrolls of identify
 h - a scroll of enchant weapon
 j - a scroll of enchant armour
Potions
 d - a potion of might
 l - 3 potions of curing
 m - a potion of haste
 p - a potion of heal wounds
 q - a potion of resistance {unknown}


   Skills:
 + Level 7.4 Fighting
 + Level 3.2 Short Blades
 + Level 3.2 Long Blades
 + Level 3.2 Axes
 + Level 3.2 Maces & Flails
 + Level 5.7 Polearms
 + Level 3.2 Staves
 + Level 3.2 Slings
 + Level 3.2 Bows
 + Level 3.2 Crossbows
 + Level 3.2 Throwing
 + Level 7.4 Armour
 + Level 3.2 Dodging
 + Level 3.2 Stealth
 + Level 7.4 Shields
 + Level 3.2 Unarmed Combat
 + Level 3.2 Spellcasting
 + Level 2.6 Conjurations
 + Level 2.6 Hexes
 + Level 2.6 Summonings
 + Level 2.6 Necromancy
 + Level 2.6 Translocations
 + Level 2.6 Transmutations
 + Level 2.6 Fire Magic
 + Level 2.6 Ice Magic
 + Level 2.6 Air Magic
 + Level 2.6 Earth Magic
 + Level 2.6 Poison Magic
 + Level 3.6 Invocations
 + Level 3.2 Evocations


You had 13 spell levels left.
You didn't know any spells.
Your spell library contained the following spells:

 Spells                   Type           Power        Failure   Level
 Confusing Touch          Hex            7%           99%         3
 Gell's Gravitas          Tloc           3%           99%         3
 Petrify                  Tmut/Erth      7%           100%        4
 Metabolic Englaciation   Hex/Ice        3%           100%        5
 Yara's Violent Unravell  Hex/Tmut       3%           100%        5


Dungeon Overview and Level Annotations

Branches:
Dungeon (6/15)             Temple (1/1) D:5           Sewer (visited)

Altars:
Ashenzari
Elyvilon
Fedhas
Gozag
Hepliaklqana
Kikubaaqudgha
Makhleb
Nemelex Xobeh
Trog
Uskayaw
Vehumet
Wu Jian
Xom
Yredelemnul
Zin
The Shining One


Innate Abilities, Weirdness & Mutations

Your experience applies equally to all skills.
You have very sharp teeth.
Your uncanny sense of smell can sniff out nearby items.


Message History

The bullfrog closely misses you.
You puncture the bullfrog!
The bullfrog is severely wounded.
The ice beast hits you. The ice beast freezes you!
* * * LOW HITPOINT WARNING * * *
The bullfrog barely misses you.
The orc priest hits you but does no damage.
Unknown command.
You puncture the bullfrog!
You kill the bullfrog!
You block the ice beast's attack.
The orc wizard mumbles some strange words.
The orc wizard blinks!
You block the orc priest's attack.
The ice beast hits you but does no damage.
Unknown command.
You miss the phantom. Your bite misses the phantom.
The orc priest calls down the wrath of Beogh upon you.
Beogh smites you!
You die...
Your body crumbles into a pile of gold.

......... . ........# ..
.......o# ∆..
........###.####
................ $ #
.......Z$o....# .###.
#....#o# ....#∆
......#####§oY##....##
#.........####@oJ.....
#.........#.##W#.###..
#.........#..#Z#####..
#.........#..#........ .
#.....................
.##................##...
...................# ..
#....##.###.......#
##....##...........#


You could see a phantom, an ice beast, a jelly, an orc priest, an orc wizard
(fast), 2 orcs, a hound zombie and a worker ant zombie.

Vanquished Creatures
  Purgy (Sewer)
  2 centaurs
  An ogre (D:4)
  2 bullfrogs (D:6)
  A scorpion (D:4)
  4 wights
  2 howler monkeys
  A centaur zombie (D:6)
  A hound (D:4)
  2 orc priests (D:3)
  An orc wizard (D:3)
  2 worker ants (D:4)
  A hound skeleton (D:5)
  9 adders
  2 oozes (D:3)
  An adder skeleton (D:4)
  2 dart slugs
  3 worms
  4 leopard geckos
  10 orcs
  6 ball pythons
  3 bats
  3 giant cockroaches
  6 goblins
  11 hobgoblins
  16 jackals
  4 quokkas
  7 frilled lizards
  12 kobolds
  A quokka skeleton (D:5)
  9 rats
130 creatures vanquished.

Vanquished Creatures (others)
  7 plants (D:2)
7 creatures vanquished.

Grand Total: 137 creatures vanquished

Notes
Turn   | Place    | Note
-------+----------+-------------------------------------------
     0 | D:1      | DungeonDestroyer the Gnoll Fighter began the quest for the
                  | Orb.
     0 | D:1      | Reached XP level 1. HP: 23/23 MP: 1/1
   118 | D:1      | Reached XP level 2. HP: 29/29 MP: 2/2
   543 | D:1      | Reached XP level 3. HP: 34/35 MP: 3/3
   848 | D:2      | Reached skill level 1 in Invocations
   974 | D:2      | Reached skill level 1 in Short Blades
   974 | D:2      | Reached skill level 1 in Long Blades
   974 | D:2      | Reached skill level 1 in Axes
   974 | D:2      | Reached skill level 1 in Maces & Flails
   974 | D:2      | Reached skill level 1 in Staves
   974 | D:2      | Reached skill level 1 in Slings
   974 | D:2      | Reached skill level 1 in Bows
   974 | D:2      | Reached skill level 1 in Crossbows
   974 | D:2      | Reached skill level 1 in Throwing
   974 | D:2      | Reached skill level 1 in Dodging
   974 | D:2      | Reached skill level 1 in Stealth
   974 | D:2      | Reached skill level 1 in Unarmed Combat
   974 | D:2      | Reached skill level 1 in Spellcasting
   974 | D:2      | Reached skill level 1 in Evocations
  1187 | D:2      | Found an opulent altar of Gozag.
  1193 | D:2      | Reached XP level 4. HP: 41/41 MP: 5/5
  1198 | D:2      | Became a worshipper of Gozag Ym Sagoz the Greedy
  1549 | D:2      | Found a hazy altar of Hepliaklqana.
  1562 | D:2      | Found a shimmering altar of Xom.
  1571 | D:2      | Found a glowing silver altar of Zin.
  1571 | D:2      | Found an ornate altar of the Wu Jian Council.
  1584 | D:2      | Found an ancient bone altar of Kikubaaqudgha.
  1920 | D:3      | Reached skill level 1 in Conjurations
  1920 | D:3      | Reached skill level 1 in Hexes
  1920 | D:3      | Reached skill level 1 in Summonings
  1920 | D:3      | Reached skill level 1 in Necromancy
  1920 | D:3      | Reached skill level 1 in Translocations
  1920 | D:3      | Reached skill level 1 in Transmutations
  1920 | D:3      | Reached skill level 1 in Fire Magic
  1920 | D:3      | Reached skill level 1 in Ice Magic
  1920 | D:3      | Reached skill level 1 in Air Magic
  1920 | D:3      | Reached skill level 1 in Earth Magic
  1920 | D:3      | Reached skill level 1 in Poison Magic
  2126 | D:3      | Reached XP level 5. HP: 44/47 MP: 6/6
  2192 | D:3      | Found a glowing drain.
  2199 | Sewer    | Entered a sewer
  2495 | Sewer    | Noticed Purgy
  2509 | Sewer    | Killed Purgy
  2510 | Sewer    | Reached skill level 5 in Polearms
  2510 | Sewer    | Reached XP level 6. HP: 47/53 MP: 7/9
  3442 | D:4      | Reached XP level 7. HP: 25/59 MP: 10/10
  3854 | D:4      | You fall into a shaft and drop 1 floor!
  3854 | D:5      | Entered Level 5 of the Dungeon
  4147 | D:4      | Found a blossoming altar of Fedhas.
  4534 | D:5      | Found a staircase to the Ecumenical Temple.
  4653 | Temple   | Entered the Ecumenical Temple
  4853 | D:5      | Reached XP level 8. HP: 48/67 MP: 12/12
  5233 | D:6      | Killed from afar by an orc priest

Illustrated notes

Levels and vault maps discovered:
D:1:      minmay_arrival_semitransparent, layout_loops_ring
D:2:      layout_basic, old_standard_altar, minmay_overflow_temple_star_hex,
          serial_forest, infiniplex_forest_straight_4,
          infiniplex_forest_lined_room_3, infiniplex_forest_corner_1,
          infiniplex_forest_clump_double, infiniplex_forest_lined_4_way,
          infiniplex_forest_3_way, infiniplex_forest_clump_double,
          infiniplex_forest_end_2, infiniplex_forest_lined_1
D:3:      layout_loops_ring, portal_sewer_entry_c, nicolae_underground_beach
D:4:      layout_cave_pools, general_overflow_altar, minmay_misc_feat_alley,
          kennysheep_potato
D:5:      layout_rooms, temple_hall
D:6:      layout_basic, basic_altar, guppyfry_shop_venom, uniq_sigmund,
          uniq_prince_ribbit1, uniq_duvessa
Temple:   nicolae_temple_figure_zero

Skill      XL: |  1  2  3  4  5  6  7  8 |
---------------+-------------------------+-----
Invocations    | 1 2 3 |  3.6
Short Blades   | 1 2 3 |  3.2
Long Blades    | 1 2 3 |  3.2
Axes           | 1 2 3 |  3.2
Maces & Flails | 1 2 3 |  3.2
Staves         | 1 2 3 |  3.2
Slings         | 1 2 3 |  3.2
Bows           | 1 2 3 |  3.2
Crossbows      | 1 2 3 |  3.2
Throwing       | 1 2 3 |  3.2
Dodging        | 1 2 3 |  3.2
Stealth        | 1 2 3 |  3.2
Unarmed Combat | 1 2 3 |  3.2
Spellcasting   | 1 2 3 |  3.2
Evocations     | 1 2 3 |  3.2
Conjurations   | 1 2 |  2.6
Hexes          | 1 2 |  2.6
Summonings     | 1 2 |  2.6
Necromancy     | 1 2 |  2.6
Translocations | 1 2 |  2.6
Transmutations | 1 2 |  2.6
Fire Magic     | 1 2 |  2.6
Ice Magic      | 1 2 |  2.6
Air Magic      | 1 2 |  2.6
Earth Magic    | 1 2 |  2.6
Poison Magic   | 1 2 |  2.6
Polearms       | 5 |  5.7
Fighting       | 7 |  7.4
Armour         | 7 |  7.4
Shields        | 7 |  7.4

Action                   |  1- 3 |  4- 6 |  7- 9 || total
-------------------------+-------+-------+-------++-------
Melee: Trident           |   127 |   211 |   183 ||   521
       Bite              |    10 |    20 |    18 ||    48
  Use: Scroll            |     3 |     2 |     4 ||     9
       Potion            |       |     7 |       ||     7
Armor: Scale mail        |    14 |       |       ||    14
       Chain mail        |    42 |   123 |    92 ||   257
Dodge: Dodged            |    35 |    65 |    59 ||   159
Block: Kite shield       |    57 |   148 |   122 ||   327
